 Dungeon Crawl Stone Soup version 0.26-a0-651-gb41185065b (webtiles) character file.

Game seed: 10252181876922368899

1350205 Mesmaeker13 the Ninja (level 27, 196/196 HPs)
             Began as a Kobold Arcane Marksman on Oct 14, 2020.
             Was the Champion of Fedhas.
             Escaped with the Orb
             ... and 3 runes!
             The game lasted 04:46:22 (137527 turns).

Mesmaeker13 the Ninja (Kobold Arcane Marksman)    Turns: 137527, Time: 04:46:22

Health: 196/196    AC: 26    Str: 18    XL:     27
Magic:  30/31      EV: 30    Int: 20    God:    Fedhas [******]
Gold:   5737       SH: 22    Dex: 19    Spells: 27/32 levels left

rFire    + + +     SeeInvis +   s - +9 demon blade (vamp)
rCold    + + .     Faith    .   n - +5 kite shield {reflect}
rNeg     + + .     Spirit   .   L - +3 faerie dragon scales {rElec rF+ rC- rCorr Int+3 Clar}
rPois    +         Reflect  +   D - +2 helmet {SInv}
rElec    +         Harm     .   E - scarf {rC+ rF+}
rCorr    +         Rampage  +   H - +1 pair of gloves "Caexamnia" {Rampage rPois MR+}
MR       ++++.     Clarity  +   m - +2 pair of boots
Stlth    ++++......             I - amulet of Fragile Peace {Acrobat rPois MR+ Str+3 Stlth+}
HPRegen  0.42/turn              N - ring "Qoemumn" {rF+ rC++ rN+}
MPRegen  0.22/turn              P - ring "Yfokix" {rN+ Str+3 Slay+2}

@: flying, studying Fire Magic
A: small, claws 1, icy blue scales 1, iridescent scales 1, berserk 1, clumsy 1,
nightstalker 3, robust 1, inhibited regeneration, MP-powered wands
0: Orb of Zot
}: 3/15 runes: serpentine, barnacled, silver
a: Wall of Briars, Grow Ballistomycete, Overgrow, Grow Oklob, Renounce Religion


You escaped.
You worshipped Fedhas.
Fedhas was exalted by your worship.
You visited 11 branches of the dungeon, and saw 53 of its levels.
You visited the Abyss 2 times.
You visited 1 bazaar.
You also visited: Gauntlet and Desolation.

You collected 9612 gold pieces.
You spent 3875 gold pieces at shops.

Inventory:

Hand Weapons
 b - a +7 hand crossbow of freezing
 c - the +8 arc blade {discharge, rElec}
   (You took it off Nikola on level 3 of the Snake Pit)

   It insulates you from electricity.
 g - a +9 scimitar of flaming
 s - a +9 vampiric demon blade (weapon)
Missiles
 d - 664 bolts
 A - 8 curare-tipped darts
 M - 5 throwing nets (quivered)
Armour
 m - a +2 pair of boots (worn)
 n - a +5 kite shield of reflection (worn)
 D - a +2 helmet of see invisible (worn)
 E - a scarf of resistance (worn)
 H - the +1 pair of gloves "Caexamnia" (worn) {Rampage rPois MR+}
   (You acquired it on level 1 of the Snake Pit)

   It protects you from poison.
   It affects your resistance to hostile enchantments.
   It bestows one free step when moving towards enemies.
 L - the +3 faerie dragon scales (worn) {rElec rF+ rC- rCorr Int+3 Clar}
   (You took it off the Enchantress on level 15 of the Dungeon)

   It affects your intelligence (+3).
   It protects you from fire.
   It makes you vulnerable to cold.
   It insulates you from electricity.
   It protects you against confusion.
   It provides partial protection from all sources of acid and corrosion.
Jewellery
 j - the ring of Phasing {EV+8}
   (You took it off an orc warrior on level 12 of the Dungeon)

   [ring of evasion]

   It affects your evasion (+8).
 y - the ring of Hohal {rF+ Str+6 Int+6 Dex-5}
   (You found it on level 2 of the Depths)

   [ring of strength]

   It affects your strength (+6).
   It affects your intelligence (+6).
   It affects your dexterity (-5).
   It protects you from fire.
 I - the amulet of Fragile Peace (around neck) {Acrobat rPois MR+ Str+3 Stlth+}
   (You acquired it on level 15 of the Dungeon)

   [amulet of the acrobat]

   It helps you evade while moving and waiting.
   It affects your strength (+3).
   It protects you from poison.
   It affects your resistance to hostile enchantments.
   It makes you more stealthy.
 N - the ring "Qoemumn" (left hand) {rF+ rC++ rN+}
   (You found it on level 3 of the Crypt)

   [ring of positive energy]

   It protects you from fire.
   It greatly protects you from cold.
   It protects you from negative energy.
 P - the ring "Yfokix" (right hand) {rN+ Str+3 Slay+2}
   (You found it on level 3 of the Crypt)

   [ring of positive energy]

   It affects your strength (+3).
   It affects your accuracy and damage with ranged weapons and melee attacks
   (+2).
   It protects you from negative energy.
Wands
 z - a wand of acid (8)
 B - a wand of disintegration (10)
 U - a wand of iceblast (16)
 W - a wand of digging (12)
Scrolls
 i - 6 scrolls of blinking
 l - 12 scrolls of teleportation
 p - 9 scrolls of fog
 v - 2 scrolls of immolation
 x - 2 scrolls of enchant weapon
 C - 17 scrolls of identify
 F - 2 scrolls of brand weapon
 G - 25 scrolls of remove curse
 K - 3 scrolls of fear
 V - 6 scrolls of amnesia
 X - 2 scrolls of silence
Potions
 a - 2 potions of mutation
 e - 3 potions of resistance
 f - 7 potions of cancellation
 o - a potion of berserk rage
 q - a potion of invisibility
 r - 5 potions of lignification
 t - 2 potions of haste
 u - 11 potions of curing
 w - 2 potions of ambrosia
 Q - 3 potions of stabbing
 S - a potion of flight
 Y - 4 potions of might
Books
 T - a manual of Fire Magic
Miscellaneous
 h - a phantom mirror
 k - a lightning rod (4/4)
 O - a box of beasts (3/3)
 R - a tin of tremorstones (3/3)


   Skills:
 + Level 19.8 Fighting
 - Level 12.0(18.4) Short Blades
 - Level 15.4(16.0) Long Blades
 - Level 10.0 Crossbows
 - Level 13.0 Armour
 - Level 17.2 Dodging
 O Level 27 Stealth
 - Level 21.0 Shields
 - Level 3.0 Spellcasting
 - Level 3.0 Hexes
 - Level 11.3 Necromancy
 - Level 11.7 Invocations
 + Level 22.8 Evocations


You had 27 spell levels left.
You knew the following spells:

 Your Spells              Type           Power        Failure   Level
a - Corona                Hex            ###....      4%          1
b - Animate Dead          Necr           #####.....   1%          4

Your spell library contained the following spells:

 Spells                   Type           Power        Failure   Level
 Animate Skeleton         Necr           #####.       1%          1
 Pain                     Necr           ####         1%          1
 Sublimation of Blood     Necr           #####.....   1%          2
 Vampiric Draining        Necr           #####.....   1%          3
 Dispel Undead            Necr           #####...     1%          4
 Corpse Rot               Necr/Air       N/A          2%          2
 Agony                    Necr           #####...     4%          5
 Excruciating Wounds      Necr           #####.....   4%          5
 Slow                     Hex            ###.....     8%          2
 Ensorcelled Hibernation  Hex/Ice        #.....       14%         2
 Confusing Touch          Hex            ###.....     16%         3
 Tukima's Dance           Hex            ###.....     16%         3
 Apportation              Tloc           #.....       17%         1
 Beastly Appendage        Tmut           #.....       17%         1
 Foxfire                  Conj/Fire      #...         17%         1
 Freeze                   Ice            #...         17%         1
 Magic Dart               Conj           #...         17%         1
 Shock                    Conj/Air       #...         17%         1
 Sting                    Tmut/Pois      #...         17%         1
 Blink                    Tloc           N/A          26%         2
 Call Imp                 Summ           #.......     26%         2
 Passwall                 Tmut/Erth      #.......     26%         2
 Poisonous Vapours        Pois/Air       #.....       26%         2
 Swiftness                Air            #.......     26%         2
 Wereblood                Tmut           #.......     26%         2
 Dazzling Flash           Conj/Hex       #.....       28%         3
 Inner Flame              Hex/Fire       #.......     28%         3
 Portal Projectile        Hex/Tloc       #.....       28%         3
 Borgnjor's Vile Clutch   Necr/Erth      ####......   43%         5
 Conjure Flame            Conj/Fire      #.......     45%         3
 Frozen Ramparts          Ice            #.....       45%         3
 Gell's Gravitas          Tloc           #.........   45%         3
 Ignite Poison            Fire/Tmut/Pois #.......     45%         3
 Lesser Beckoning         Tloc           #.........   45%         3
 Mephitic Cloud           Conj/Pois/Air  #.......     45%         3
 Ozocubu's Armour         Ice            #.......     45%         3
 Spider Form              Tmut/Pois      #.........   45%         3
 Static Discharge         Conj/Air       #.......     45%         3
 Cause Fear               Hex            ###.......   45%         4
 Leda's Liquefaction      Hex/Erth       #.........   67%         4
 Airstrike                Air            #.........   86%         4
 Hailstorm                Conj/Ice       #.......     86%         4
 Ice Form                 Ice/Tmut       #.......     86%         4
 Olgreb's Toxic Radiance  Pois           #.......     86%         4
 Passage of Golubria      Tloc           N/A          86%         4
 Petrify                  Tmut/Erth      #.......     86%         4
 Sticky Flame             Conj/Fire      #.......     86%         4
 Summon Ice Beast         Ice/Summ       #.......     86%         4
 Summon Lightning Spire   Summ/Air       #.......     86%         4
 Metabolic Englaciation   Hex/Ice        #.........   95%         5
 Summon Mana Viper        Hex/Summ       #.......     95%         5
 Yara's Violent Unravell  Hex/Tmut       #.........   95%         5
 Simulacrum               Ice/Necr       ####......   95%         6
 Alistair's Intoxication  Tmut/Pois      #........    99%         5
 Blade Hands              Tmut           #.........   99%         5
 Bolt of Magma            Conj/Fire/Erth #.........   99%         5
 Fireball                 Conj/Fire      #.........   99%         5
 Irradiate                Conj/Tmut      #.........   99%         5
 Iskenderun's Battlesphe  Conj           #.......     99%         5
 Lee's Rapid Deconstruct  Erth           #.........   99%         5
 Lightning Bolt           Conj/Air       #.........   99%         5
 Summon Demon             Summ           #.........   99%         5
 Summon Forest            Summ/Tloc      #.........   99%         5
 Eringya's Noxious Bog    Tmut/Pois      #.........   100%        6
 Freezing Cloud           Conj/Ice/Air   #.........   100%        6
 Hydra Form               Tmut           #.........   100%        6
 Invisibility             Hex            ###.....     100%        6
 Iron Shot                Conj/Erth      #.........   100%        6
 Ozocubu's Refrigeration  Ice            #.........   100%        6
 Shadow Creatures         Summ           N/A          100%        6
 Starburst                Conj/Fire      #.........   100%        6
 Statue Form              Tmut/Erth      #........    100%        6
 Dragon Form              Tmut           #.........   100%        7
 Orb of Destruction       Conj           #.........   100%        7
 Spellforged Servitor     Conj/Summ      #.........   100%        7
 Summon Hydra             Summ           #.........   100%        7
 Ignition                 Fire           #.........   100%        8
 Infestation              Necr           #####.....   100%        8
 Dragon's Call            Summ           #.........   100%        9
 Shatter                  Erth           #.........   100%        9
 Tornado                  Air            #.........   100%        9


Dungeon Overview and Level Annotations

Branches:
Dungeon (15/15)            Temple (1/1) D:6            Lair (6/6) D:10
 Shoals (4/4) Lair:2        Snake (4/4) Lair:2        Slime (0/5) Lair:5
    Orc (2/2) D:12            Elf (3/3) Orc:2        Vaults (5/5) D:13
  Crypt (3/3) Vaults:3       Tomb (0/3) Crypt:3      Depths (5/5) D:15
    Zot (5/5) Depths:5    Desolation (visited)      Gauntlet (visited)

Altars:
Ashenzari
Cheibriados
Dithmenos
Elyvilon
Fedhas
Gozag
Hepliaklqana
Kikubaaqudgha
Makhleb
Nemelex Xobeh
Okawaru
Qazlal
Ru
Sif Muna
Trog
Uskayaw
Vehumet
Wu Jian
Xom
Yredelemnul
Zin
The Shining One

Shops:
D:5 ?   D:8 ?   Orc:2 [:![   Shoals:1 (   Shoals:3 *   Snake:2 }**[==
Snake:4 }   Vaults:4 (   Vaults:5 }:   Depths:2 [:(*=

Portals:
Hell: Depths:1 Depths:2 Depths:3 Depths:4 Depths:5
Abyss: D:12 Depths:4
Pandemonium: Depths:3 Depths:4 Depths:5
Ziggurat: Depths:2

Annotations:
Lair:1 Fannar
Shoals:2 1 runed translucent door, Vugicoz's ghost, adept MiFi
Shoals:3 exclusion: 2 ice statues
Shoals:4 Ilsuiw
Snake:4 6 exclusions
Elf:3 1 exclusion


Innate Abilities, Weirdness & Mutations

You are small and have problems with some larger weapons.
You are completely attuned to the shadows.
You have sharp fingernails.
You are partially covered in icy blue scales. (AC +2)
You are partially covered in iridescent scales. (AC +2)
You tend to lose your temper in combat.
You are clumsy. (Dex -2)
You are robust. (+10% HP)
You do not regenerate when monsters are visible.
You expend magic power (3 MP) to strengthen your wands.


Message History

A rock wall.
This square is covered in magical glow.
You feel a surge of power!
The rock shatters into small pieces.
There is a stone staircase leading up here.
You climb upwards.
There is a stone staircase leading down here.
There is a stone staircase leading up here.
You climb upwards.
There is a stone staircase leading down here.
You open the door.
There is an open door here.
Evoke which item? (* to show all) (? for menu, Esc to quit)
Press: ? - help, Shift-Dir - straight line A rock wall.
This square is covered in magical glow.
You feel a surge of power!
The rock shatters into small pieces.
You feel very buoyant.
You fly up into the air.
There is a staircase leading out of the dungeon here.
You have escaped!

.)#..###.#####.######.......#####
#.#..#......##...# ###'###.#
#.#..#......###''#####..# #.#
#.#..#.....8......[≈≈.#.# #.#
#.#..###.##.≈≈≈≈≈≈..≈≈#.# #.#
#.#..# #.##≈≈≈...≈≈..≈#.###.#
#.#..###.##≈≈..≈..≈≈.≈#.....#
#.#.......#≈..≈≈≈.≈≈.≈#.#####
#.#.####..#≈.≈≈.@.≈≈.≈#.#
..........#≈.≈≈.≈≈≈..≈#.#
#.######..#≈.≈≈..≈..≈≈#.# #)#
#..#≈..≈≈...≈≈≈#.# #.#
#..#≈≈..≈≈≈≈≈≈.#.#
#.######..##≈≈.......8..#
#...[......#####''###...# ####
#....###.#............#.# #...
#....# #.......######.#.######'##


There were no monsters in sight!

Vanquished Creatures
  3 ancient liches
  2 orbs of fire
  Mara (Crypt:3)
  A greater mummy (Crypt:3)
  Boris (Crypt:2)
  2 juggernauts
  Sojobo (Depths:1)
  6 Killer Klowns
  2 curse toes
  Bai Suzhen (Depths:2)
  Margery (Crypt:2)
  Frederick (Depths:4)
  Jory (Depths:5)
  4 golden dragons
  the Enchantress (D:15)
  The ghost of Vileos the Hand of Fortune, an adept DsGl of Nemelex Xobeh (Vaults:3)
  Jorgrun (Shoals:1)
  An electric golem (Zot:5)
  15 tentacled monstrosities
  Rupert (Orc:2)
  9 liches
  2 deep elf blademasters (Elf:3)
  2 deep elf master archers (Elf:3)
  9 quicksilver dragons
  24 Orb Guardians
  2 titans
  4 tentacled starspawn
  6 sphinxes
  5 death cobs
  4 ancient champions
  Kirke (D:13)
  16 storm dragons
  4 draconian monks
  9 tengu reavers
  9 shadow dragons
  Donald (Orc:2)
  8 nagarajas
  7 revenants
  12 fire giants
  5 draconian scorchers
  3 imperial myrmidons (Desolation)
  3 deep elf sorcerers
  Louise (D:14)
  10 frost giants
  7 draconian knights
  6 draconian shifters
  3 deep elf elementalists
  4 orc warlords
  An iron dragon (Vaults:4)
  The ghost of Vufedwos the Fighter, a journeyman MiFi of Okawaru (Shoals:3)
  4 draconian stormcallers
  2 curse skulls
  An angel (D:5)
  13 vault wardens
  15 stone giants
  10 ghouls
  16 ironheart preservers
  A draconian annihilator (Depths:5)
  2 spriggan defenders
  9 vampire knights
  3 starcursed masses
  9 very ugly things
  7 green draconians
  7 deep elf demonologists
  3 entropy weavers
  16 yellow draconians
  14 purple draconians
  The ghost of donkeybrains the Cleaver, a journeyman GrFi of Okawaru (Snake:2)
  2 halazid warlocks (Desolation)
  7 deep elf annihilators
  10 red draconians
  A spark wasp (Depths:4)
  A minotaur (Gauntlet)
  A lorocyproca (Abyss:4)
  14 black draconians
  5 eidola
  7 white draconians
  4 merfolk javelineers
  Snorg (Lair:5)
  A blizzard demon (Depths:1)
  3 crystal guardians
  7 jiangshi
  9 deep elf death magi
  17 ettins
  15 merfolk impalers
  4 deep elf high priests
  5 mummy priests (Crypt:3)
  The ghost of Amousmie the Cleaver, a journeyman DDFi of Makhleb (D:12)
  14 yaktaur captains
  3 servants of whispers (Desolation)
  A quicksilver dragon zombie (Crypt:1)
  Josephine (Orc:2)
  9 fire dragons
  4 ragged hierophants (Desolation)
  8 hydras
  10 naga warriors
  35 vault guards
  8 great orbs of eyes
  8 ice dragons
  17 peacekeepers
  6 rakshasas
  5 centaur warriors
  47 two-headed ogres
  A catoblepas (D:13)
  12 ogre magi
  A quicksilver dragon skeleton (Crypt:3)
  A queen ant (Lair:2)
  6 anacondas
  8 merfolk avatars
  5 spriggan air magi
  8 vampire magi
  A merfolk aquamancer (Shoals:4)
  2 death scarabs (Gauntlet)
  18 dancing weapons
  3 satyrs
  13 deep troll earth magi
  11 deep troll shamans
  6 tengu warriors
  Erica (D:8)
  8 spriggan berserkers
  Urug (D:13)
  A hell hog (D:12)
  18 hell knights
  6 thrashing horrors (Abyss:3)
  2 shock serpents (Snake:3)
  2 sun demons (Depths:1)
  18 naga sharpshooters
  A storm dragon zombie (Depths:4)
  27 deep elf knights
  Sonja (D:10)
  3 soul eaters
  4 salamander mystics
  22 skeletal warriors
  2 golden dragon zombies
  6 shadow wraiths
  A spectral death yak (Gauntlet)
  4 iron trolls
  12 sea snakes
  A spatial maelstrom (Abyss:3)
  10 unseen horrors
  28 deep trolls
  7 large abominations
  5 glowing orange brains
  An anaconda zombie (Crypt:2)
  2 lindwurms (Lair:6)
  A lindwurm (shapeshifter) (Vaults:4)
  3 naga ritualists
  A swamp dragon (Lair:6)
  15 deep elf archers
  6 wizards
  A sea snake (shapeshifter) (Vaults:4)
  11 flayed ghosts
  11 necromancers
  24 harpies
  13 ironbrand convokers
  13 orc knights
  8 phantasmal warriors
  An anaconda skeleton (Crypt:2)
  2 wolf spiders
  An iron giant skeleton (Crypt:3)
  2 obsidian statues
  A wolf spider zombie (Crypt:2)
  69 deep elf magi
  A faun (shapeshifter) (Vaults:5)
  11 mana vipers
  15 manticores
  7 cyclopes
  2 orc sorcerers
  39 ugly things
  A stone giant zombie (Vaults:5)
  An oklob plant (Lair:3)
  12 salamanders
  8 fauns
  3 worldbinders
  3 elephants (Lair:6)
  20 moths of wrath
  3 centaur zombies
  2 stone giant skeletons
  A spectral shock serpent (Snake:2)
  Joseph (D:8)
  2 rust devils
  A black mamba (shapeshifter) (Abyss:3)
  4 water nymphs
  7 guardian serpents
  10 merfolk sirens
  Psyche (D:8)
  A molten gargoyle (D:12)
  A dire elephant zombie (Crypt:2)
  17 vault sentinels
  21 black mambas
  A death yak zombie (Crypt:3)
  A cane toad (shapeshifter) (Vaults:1)
  15 naga magi
  6 orange demons
  A water nymph (shapeshifter) (Vaults:4)
  22 cane toads
  4 gargoyles
  A purple draconian zombie (Crypt:2)
  3 rime drakes (shapeshifter)
  2 kobold demonologists (D:14)
  8 komodo dragons
  11 freezing wraiths
  6 rime drakes
  61 yaktaurs
  2 efreet
  A tormentor (Depths:1)
  2 demonic crawlers (Elf:3)
  A minotaur skeleton (Crypt:1)
  3 ancient zymes
  34 guardian mummies
  2 tengu conjurers
  A troll (shapeshifter) (Depths:4)
  2 merfolk (shapeshifter)
  4 polar bears (Lair:2)
  6 wind drakes
  3 jumping spiders
  35 merfolk
  A tengu simulacrum (Depths:4)
  15 trolls
  10 hornets
  A wind drake (shapeshifter) (Elf:1)
  A red devil (Abyss:3)
  A jumping spider (shapeshifter) (Depths:2)
  A hydra zombie (Crypt:2)
  A polar bear (shapeshifter) (Vaults:2)
  60 saltlings (Desolation)
  8 dream sheep
  8 bog bodies
  8 snapping turtles
  14 blink frogs
  A hippogriff (shapeshifter) (Vaults:5)
  An iron dragon simulacrum (Crypt:2)
  43 slime creatures
  A snapping turtle (shapeshifter) (Vaults:4)
  10 flying skulls
  A spectral black mamba (Snake:2)
  2 shock serpent simulacra (Snake:2)
  22 hippogriffs
  Sigmund (D:4)
  A centaur simulacrum (Gauntlet)
  A spectral dream sheep (Gauntlet)
  3 vampires (Vaults:3)
  2 air elementals
  A tarantella (Vaults:4)
  A black mamba zombie (Crypt:1)
  15 redbacks
  2 ynoxinuls (Abyss:4)
  4 shadows
  10 spriggans
  12 wraiths
  23 yaks
  2 ettin skeletons
  2 redbacks (shapeshifter)
  2 spectral nagas (Snake:2)
  6 hogs (D:13)
  6 small abominations
  10 ushabtiu (Crypt:3)
  6 basilisks
  A hog (shapeshifter) (Vaults:5)
  18 humans (D:13)
  10 wyverns (Lair:6)
  21 water elementals
  A yak (shapeshifter) (Vaults:1)
  Eustachio (D:6)
  2 fire elementals
  Grum (D:9)
  7 chaos spawn
  3 neqoxecs
  3 vampire mosquitoes (Elf:3)
  2 elf skeletons
  47 nagas
  11 wargs
  2 acid dragons
  4 soldier ants (Lair:2)
  16 water moccasins
  A deep troll zombie (Vaults:1)
  2 floating eyes (shapeshifter)
  8 porcupines
  Duvessa (D:6)
  31 orc warriors
  4 ice beasts
  2 swamp drakes (Lair:6)
  3 black bears
  A fire dragon simulacrum (Abyss:3)
  6 sky beasts
  A necrophage (Crypt:1)
  A snapping turtle zombie (Crypt:3)
  An ogre (shapeshifter) (Vaults:4)
  51 ogres
  A boggart (shapeshifter) (Depths:4)
  An eye of draining (shapeshifter) (Vaults:4)
  A black mamba simulacrum (Snake:2)
  3 eyes of draining
  3 phantoms
  6 boggarts (Depths:4)
  9 wolves
  11 centaurs
  3 dream sheep skeletons (Crypt:3)
  A swamp dragon skeleton (Crypt:3)
  9 crocodiles
  4 big kobolds
  A fire crab zombie (Crypt:1)
  A bullfrog (shapeshifter) (Depths:2)
  14 bullfrogs
  Blork the orc (D:4)
  3 human zombies
  A gnoll sergeant (D:9)
  Dowan (D:6)
  3 earth elementals
  A palentonga skeleton (Crypt:1)
  A wyvern skeleton (D:15)
  5 scorpions
  A troll zombie (Crypt:1)
  60 killer bees
  17 wights
  3 electric eels (D:10)
  A yak skeleton (Crypt:2)
  4 howler monkeys
  7 jellies
  11 crimson imps
  5 lava snakes (D:13)
  2 bullfrog zombies
  18 orc priests
  A wyvern simulacrum (Gauntlet)
  4 quasits
  3 iron imps
  5 centaur skeletons
  12 hounds
  3 bullfrog skeletons
  A demonspawn skeleton (Crypt:2)
  32 worker ants
  7 iguanas
  Ijyb (D:3)
  29 orc wizards
  2 naga simulacra (Snake:2)
  A bullfrog simulacrum (Gauntlet)
  An acid dragon skeleton (Crypt:1)
  A felid skeleton (Crypt:1)
  A demigod skeleton (Crypt:2)
  A hound zombie (D:11)
  2 hound skeletons
  Robin (D:3)
  3 mummies (Crypt:3)
  9 gnolls
  2 howler monkey skeletons (D:7)
  19 adders
  5 shadow imps
  11 white imps
  An ufetubus (D:8)
  2 oozes (Lair:5)
  An adder zombie (D:4)
  3 adder skeletons
  2 worms
  5 dart slugs
  4 leopard geckos
  95 orcs
  6 bats
  4 giant cockroaches
  21 goblins
  11 hobgoblins
  24 jackals
  24 kobolds
  9 quokkas
  A river rat zombie (Crypt:2)
  3 ball pythons
  3 frilled lizards
  A kobold skeleton (Crypt:2)
  A leopard gecko zombie (Crypt:2)
  2 orc skeletons
  A quokka skeleton (D:4)
  8 rats
  A rat zombie (Crypt:1)
  2 crawling corpses
2743 creatures vanquished.

Vanquished Creatures (collateral kills)
  An ancient lich (Crypt:2)
  An orb of fire (Zot:5)
  Vashnia (Snake:2)
  Saint Roka (Vaults:4)
  Nikola (Snake:3)
  A profane servitor (Abyss:4)
  A titan (Vaults:5)
  A death cob (Zot:1)
  A shadow dragon (Vaults:5)
  A storm dragon (Depths:5)
  A nagaraja (Snake:2)
  A revenant (Crypt:2)
  2 frost giants
  A fire giant (Vaults:5)
  2 orc warlords
  A curse skull (Crypt:2)
  3 spriggan defenders (D:15)
  2 green draconians
  A red draconian (Zot:1)
  A merfolk javelineer (Shoals:4)
  A deep elf death mage (Vaults:5)
  An eidolon (Crypt:3)
  4 merfolk impalers
  2 fire dragons
  A merfolk avatar (Shoals:4)
  A naga warrior (Snake:1)
  An ogre mage (Vaults:5)
  A merfolk aquamancer (Shoals:4)
  A deep troll shaman (Depths:1)
  A shock serpent (Snake:3)
  A deep elf knight (Vaults:5)
  A naga sharpshooter (Snake:2)
  A soul eater (Crypt:2)
  4 skeletal warriors (Crypt:2)
  A shadow wraith (Crypt:3)
  2 deep trolls
  A shadow demon (Abyss:4)
  A flayed ghost (Crypt:2)
  A necromancer (Vaults:4)
  A sea snake (Shoals:4)
  An orc knight (Vaults:5)
  A deep elf mage (Vaults:5)
  3 harpies (Shoals:4)
  3 ugly things
  A moth of wrath (Zot:5)
  A cyclops (D:13)
  A salamander (Snake:1)
  A guardian serpent (Lair:6)
  A vault sentinel (Vaults:5)
  A yaktaur (D:15)
  2 guardian mummies (Crypt:3)
  2 meliai (Lair:4)
  2 blink frogs (Lair:6)
  A merfolk (Shoals:4)
  A hippogriff (Lair:2)
  A bog body (Crypt:3)
  2 spriggans (Lair:4)
  4 yaks (Lair:6)
  A neqoxec (Abyss:4)
  A warg (Vaults:5)
  3 orc warriors
  An orc priest (Vaults:4)
  A worker ant (Lair:2)
  An iguana (Lair:6)
  A mummy (Crypt:3)
  2 ballistomycete spores (Depths:1)
93 creatures vanquished.

Vanquished Creatures (others)
  An Orb Guardian (Zot:5)
  An ironheart preserver (Vaults:4)
  A merfolk aquamancer (Shoals:4)
  2 starcursed masses (Abyss:4)
  A deep elf mage (Vaults:3)
  2 large abominations (Abyss:4)
  A spectral guardian serpent (Snake:2)
  A blink frog (Lair:4)
  3 golden eyes (Abyss:4)
  A small abomination (Abyss:4)
  A centaur (Shoals:1)
  7 killer bees
  A bullfrog skeleton (D:13)
  2 worker ants (Lair:2)
  An adder (D:8)
  85 fungi
  A lurking horror (Abyss:4)
  250 plants
  10 starspawn tentacles
  4 tentacles (Shoals:4)
376 creatures vanquished.

Grand Total: 3212 creatures vanquished

Notes
Turn   | Place    | Note
-------+----------+-------------------------------------------
     0 | D:1      | Mesmaeker13 the Kobold Arcane Marksman began the quest for
                  | the Orb.
     0 | D:1      | Reached XP level 1. HP: 12/12 MP: 2/2
   104 | D:1      | Reached XP level 2. HP: 16/16 MP: 3/3
   684 | D:1      | Reached XP level 3. HP: 20/21 MP: 4/4
  1757 | D:2      | Reached XP level 4. HP: 24/27 MP: 5/5
  2671 | D:3      | Noticed Ijyb
  2679 | D:3      | HP: 1/27 [Ijyb/puff of flame (8)]
  2683 | D:3      | Killed Ijyb
  2683 | D:3      | Reached XP level 5. HP: 1/32 MP: 6/6
  3130 | D:3      | Reached skill level 1 in Short Blades
  3997 | D:4      | Reached XP level 6. HP: 25/37 MP: 7/7
  4538 | D:4      | Noticed an ogre
  4550 | D:4      | Killed an ogre
  4550 | D:4      | Reached XP level 7. HP: 30/43 MP: 8/8
  4669 | D:4      | Reached skill level 5 in Crossbows
  4669 | D:4      | Reached skill level 5 in Dodging
  5057 | D:4      | Noticed Sigmund
  5079 | D:4      | Noticed Blork the orc
  5082 | D:4      | Killed Sigmund
  5258 | D:4      | Reached XP level 8. HP: 47/48 MP: 9/9
  5271 | D:4      | Noticed Robin
  5410 | D:3      | Killed Robin
  5904 | D:4      | Killed Blork the orc
  5904 | D:4      | Reached skill level 5 in Fighting
  6212 | D:5      | Entered Level 5 of the Dungeon
  6346 | D:5      | Found Hiac's Magic Scroll Boutique.
  6785 | D:5      | Reached skill level 5 in Short Blades
  7081 | D:5      | Found a glowing golden altar of the Shining One.
  7617 | D:6      | Found a staircase to the Ecumenical Temple.
  7632 | Temple   | Entered the Ecumenical Temple
  8066 | D:6      | Reached XP level 9. HP: 42/55 MP: 10/10
  8264 | D:6      | Noticed Duvessa
  8264 | D:6      | Noticed Dowan
  8270 | D:6      | Killed Duvessa
  8274 | D:6      | Killed Dowan
  8371 | D:6      | Noticed Eustachio
  8391 | D:6      | Killed Eustachio
  9011 | D:7      | Noticed a hippogriff
  9025 | D:7      | Killed a hippogriff
  9559 | D:7      | Reached XP level 10. HP: 58/63 MP: 11/11
  9759 | D:7      | Found a bloodstained altar of Trog.
 10292 | D:8      | Noticed Erica
 10311 | D:8      | Killed Erica
 10760 | D:8      | Noticed Joseph
 10776 | D:8      | Killed Joseph
 10996 | D:8      | Noticed Psyche
 11001 | D:8      | Killed Psyche
 11246 | D:8      | Found Fivudu's Magic Scroll Shoppe.
 11841 | D:9      | Noticed a two-headed ogre
 11850 | D:9      | Killed a two-headed ogre
 11850 | D:9      | Reached skill level 10 in Crossbows
 11850 | D:9      | Reached XP level 11. HP: 65/71 MP: 9/12
 11912 | D:9      | Noticed Grum
 11931 | D:9      | Reached skill level 10 in Short Blades
 11931 | D:9      | Reached skill level 10 in Dodging
 11931 | D:9      | Reached skill level 1 in Stealth
 11940 | D:9      | Killed Grum
 12296 | D:9      | Reached skill level 2 in Stealth
 12449 | D:9      | Paralysed by a hornet for 1 turns
 12866 | D:10     | Entered Level 10 of the Dungeon
 12866 | D:10     | Found an ornate altar of the Wu Jian Council.
 12867 | D:10     | Identified a scroll of acquirement
 12868 | D:10     | Acquired a +0 cloak of poison resistance
 12892 | D:10     | Reached skill level 3 in Stealth
 12892 | D:10     | Reached skill level 1 in Shields
 13085 | D:10     | Noticed Sonja
 13107 | D:10     | Killed Sonja
 13107 | D:10     | Reached skill level 4 in Stealth
 13490 | D:10     | Noticed a four-headed hydra
 13498 | D:10     | Killed a one-headed hydra
 13498 | D:10     | Reached skill level 5 in Stealth
 13844 | D:10     | Found a staircase to the Lair.
 14284 | D:10     | Noticed a two-headed ogre
 14325 | D:10     | Killed a two-headed ogre
 14464 | D:10     | Reached skill level 6 in Stealth
 14464 | D:10     | Reached XP level 12. HP: 65/76 MP: 13/13
 15594 | D:11     | Noticed a two-headed ogre
 15601 | D:11     | Killed a two-headed ogre
 15601 | D:11     | Reached skill level 7 in Stealth
 16493 | D:11     | Noticed a two-headed ogre
 16510 | D:11     | Killed a two-headed ogre
 16510 | D:11     | Reached skill level 8 in Stealth
 17054 | D:11     | Got a faintly glowing turquoise ring
 17056 | D:11     | Identified the ring "Puuxof" {Fire MR+ Slay+2} (You found
                  | it on level 11 of the Dungeon)
 17386 | Lair:1   | Entered Level 1 of the Lair of Beasts
 17448 | Lair:1   | Noticed a six-headed hydra
 17485 | Lair:1   | Killed a one-headed hydra
 17485 | Lair:1   | Reached skill level 1 in Long Blades
 17485 | Lair:1   | Reached skill level 9 in Stealth
 17485 | Lair:1   | Reached skill level 5 in Shields
 18365 | Lair:1   | Reached XP level 13. HP: 80/80 MP: 14/14
 18960 | Lair:2   | Noticed a five-headed hydra
 18966 | Lair:2   | Killed a one-headed hydra
 18966 | Lair:2   | Reached skill level 10 in Stealth
 19795 | Lair:2   | Noticed Fannar
 20770 | Lair:2   | Reached skill level 1 in Evocations
 21365 | Lair:1   | Reached skill level 11 in Stealth
 22043 | Lair:2   | Found a staircase to the Snake Pit.
 22612 | Lair:2   | Found a staircase to the Shoals.
 23694 | Lair:3   | Noticed a five-headed hydra
 23708 | Lair:3   | Killed a one-headed hydra
 23708 | Lair:3   | Reached skill level 5 in Evocations
 23709 | Lair:3   | Reached skill level 5 in Long Blades
 24079 | Lair:3   | Reached skill level 12 in Stealth
 24146 | Lair:3   | You fall into a shaft and drop 2 floors!
 24707 | Lair:5   | Noticed a five-headed hydra
 24720 | Lair:5   | Killed a one-headed hydra
 25267 | Lair:5   | Found a staircase to the Slime Pits.
 25459 | Lair:5   | Reached XP level 14. HP: 48/86 MP: 10/15
 26943 | Lair:4   | Reached skill level 13 in Stealth
 28551 | Lair:6   | Entered Level 6 of the Lair of Beasts
 28610 | Lair:6   | Reached skill level 1 in Armour
 28669 | Lair:6   | Found a gate leading to a gauntlet.
 28676 | Gauntlet | Entered a Gauntlet
 28676 | Gauntlet | Found a transporter.
 28818 | Gauntlet | Found a transporter.
 28830 | Gauntlet | Found a transporter.
 28842 | Gauntlet | Found a transporter.
 28847 | Gauntlet | Found a runed translucent door.
 28854 | Gauntlet | Found a transporter.
 28869 | Gauntlet | Found a transporter.
 28887 | Gauntlet | Found a transporter.
 28887 | Gauntlet | Found a transporter.
 28894 | Gauntlet | Found a runed translucent door.
 28902 | Gauntlet | Found a transporter.
 28902 | Gauntlet | Found a transporter.
 28916 | Gauntlet | Found a transporter.
 28916 | Gauntlet | Found a transporter.
 28930 | Gauntlet | Found a transporter.
 28930 | Gauntlet | Found a transporter.
 29123 | Gauntlet | Got a sparkling silver ring
 29284 | Gauntlet | Identified the ring "Icesosy" {rC+ rN+ MR+} (You found it
                  | in a Gauntlet)
 29671 | Gauntlet | Identified the +8 long sword of Irritation {freeze, rPois
                  | rC+ MR++ Dex-4}
 29671 | Gauntlet | Noticed a minotaur
 29698 | Gauntlet | HP: 6/130 [minotaur/the +8 long sword of Irritation
                  | {freeze, rPois rC+ MR++ Dex-4} (24)]
 29698 | Gauntlet | HP: 1/130 [minotaur/the +8 long sword of Irritation
                  | {freeze, rPois rC+ MR++ Dex-4} (5)]
 29706 | Gauntlet | Killed a minotaur
 29706 | Gauntlet | Reached skill level 10 in Fighting
 30244 | Lair:6   | Reached skill level 14 in Stealth
 31835 | Lair:6   | Reached XP level 15. HP: 71/93 MP: 16/16
 32735 | Lair:6   | Noticed Snorg
 35052 | Lair:5   | Killed Snorg
 36721 | D:12     | Reached skill level 15 in Stealth
 36890 | D:12     | Found a transporter.
 36891 | D:12     | Noticed a tentacled starspawn
 37188 | D:12     | Identified the Volume of Combat Magic
 37261 | D:12     | Found a one-way gate to the infinite horrors of the Abyss.
 37261 | D:12     | Noticed Amousmie's ghost (journeyman DDFi)
 37272 | D:12     | Found a transporter.
 37537 | D:12     | Reached skill level 5 in Armour
 37631 | D:12     | Found a staircase to the Orcish Mines.
 37751 | D:12     | Found a basalt altar of Yredelemnul.
 37778 | D:12     | Reached skill level 10 in Evocations
 38317 | Orc:1    | Entered Level 1 of the Orcish Mines
 39496 | Orc:2    | Entered Level 2 of the Orcish Mines
 39606 | Orc:2    | Noticed an orc warlord
 39614 | Orc:2    | Killed an orc warlord
 39620 | Orc:2    | Noticed Rupert
 39918 | Orc:2    | Killed Rupert
 40120 | Orc:2    | Noticed Donald
 40458 | Orc:2    | Killed Donald
 40663 | Orc:2    | Noticed Josephine
 40704 | Orc:2    | Killed Josephine
 40704 | Orc:2    | Reached XP level 16. HP: 85/100 MP: 14/17
 40967 | Orc:2    | HP: 6/225 [stone giant (21)]
 43467 | Orc:2    | Found a staircase to the Elven Halls.
 43485 | Orc:2    | Found Fiumm's Antique Armour Emporium.
 43485 | Orc:2    | Found Zoosujome's Book Boutique.
 43486 | Orc:2    | Found Teto's Distillery.
 43486 | Orc:2    | Found Jimezimn's Armour Shoppe.
 43757 | Orc:2    | Bought a dazzling buckler for 237 gold pieces
 43757 | Orc:2    | Bought a runed helmet for 187 gold pieces
 43768 | Orc:2    | Identified the cursed -6 buckler of Goisuggixiz {rF- Str+4
                  | Dex+8} (You bought it in a shop on level 2 of the Orcish
                  | Mines)
 43795 | Orc:2    | Bought a pair of embroidered gloves for 187 gold pieces
 43807 | Orc:2    | Bought a potion of heal wounds for 70 gold pieces
 43816 | Orc:2    | Learned a level 4 spell: Animate Dead
 44017 | Temple   | Became a worshipper of Fedhas Madash
 44508 | D:13     | Noticed Urug
 44530 | D:13     | Killed Urug
 44530 | D:13     | Reached skill level 1 in Necromancy
 45257 | D:13     | Reached * piety under Fedhas
 46074 | D:13     | Found a gate to the Vaults.
 46216 | D:13     | Reached ** piety under Fedhas
 46685 | D:13     | Noticed Kirke
 46702 | D:13     | Reached XP level 17. HP: 99/104 MP: 18/18
 46843 | D:13     | Killed Kirke
 47875 | D:14     | Noticed Louise
 47886 | D:14     | Killed Louise
 47886 | D:14     | Reached *** piety under Fedhas
 48353 | D:15     | Entered Level 15 of the Dungeon
 48401 | D:15     | Acquired the amulet of Fragile Peace {Acrobat rPois MR+
                  | Str+3 Stlth+}
 49682 | D:15     | Reached **** piety under Fedhas
 49861 | D:15     | Reached skill level 5 in Necromancy
 50110 | D:15     | Found a staircase to the Depths.
 50567 | Snake:1  | Entered Level 1 of the Snake Pit
 50657 | Snake:1  | Reached skill level 10 in Long Blades
 52338 | Snake:1  | Acquired the +1 pair of gloves "Caexamnia" {Rampage rPois
                  | MR+}
 52551 | Snake:2  | Found Liumule's Mass Market.
 53462 | Snake:2  | Noticed Vashnia
 54192 | Snake:2  | Found Xyvuos Vuifi's Jewellery Shoppe.
 56498 | Snake:2  | Killed Vashnia
 56697 | Snake:2  | Reached XP level 18. HP: 74/110 MP: 19/19
 57030 | Snake:2  | Found a runed translucent gate.
 57030 | Snake:2  | Found a runed translucent gate.
 57031 | Snake:2  | Found a runed translucent gate.
 57124 | Snake:2  | Noticed donkeybrains's ghost (journeyman GrFi)
 57244 | Snake:2  | Killed donkeybrains's ghost
 57252 | Snake:2  | Got a pair of pitted gloves
 57257 | Snake:2  | Identified the cursed -2 pair of gloves of the Albatross
                  | {rF+ rC+ Str-5 Dex+5} (You found it on level 2 of the Snake
                  | Pit)
 57396 | Snake:2  | Found Weehef's Gadget Boutique.
 57399 | Snake:2  | Found Telom's General Store.
 57400 | Snake:2  | Found Dujagope's Antique Armour Boutique.
 57401 | Snake:2  | Found Hoan's Jewellery Boutique.
 57418 | Snake:2  | Bought a brightly glowing leather armour for 259 gold
                  | pieces
 57418 | Snake:2  | Bought a pitted leather armour for 259 gold pieces
 57419 | Snake:2  | Identified the +1 leather armour of Xinkidur {*Contam +Inv
                  | Slay+2} (You bought it in a shop on level 2 of the Snake
                  | Pit)
 57430 | Snake:2  | Identified the +0 leather armour of the Saviour {Str+4}
                  | (You bought it in a shop on level 2 of the Snake Pit)
 60151 | Snake:3  | Noticed Nikola
 60165 | Snake:3  | Killed Nikola
 60680 | Snake:4  | Entered Level 4 of the Snake Pit
 61291 | Snake:4  | Reached ***** piety under Fedhas
 61717 | Snake:4  | Reached skill level 10 in Shields
 62012 | Snake:4  | Reached skill level 15 in Evocations
 62329 | Snake:4  | Found Sudd's Gadget Emporium.
 63242 | Snake:4  | Reached XP level 19. HP: 65/115 MP: 20/20
 63843 | Snake:4  | Got a serpentine rune of Zot
 64123 | Shoals:1 | Entered Level 1 of the Shoals
 64422 | Shoals:1 | Noticed Jorgrun
 64475 | Shoals:1 | Killed Jorgrun
 65033 | Shoals:1 | Reached skill level 1 in Invocations
 65175 | Shoals:1 | Found Fathresi's Antique Weapon Boutique.
 66567 | Shoals:1 | Reached ****** piety under Fedhas
 66578 | Shoals:1 | Acquired a +4 vampiric demon blade
 67394 | Shoals:2 | Found a runed translucent door.
 67394 | Shoals:2 | Noticed Vugicoz's ghost (adept MiFi)
 67443 | Shoals:2 | You fall into a shaft and drop 1 floor!
 67443 | Shoals:3 | Found a runed translucent gate.
 67444 | Shoals:3 | Found a runed translucent gate.
 67444 | Shoals:3 | Found an opulent altar of Gozag.
 67445 | Shoals:3 | Found a runed translucent gate.
 67510 | Shoals:3 | Reached skill level 5 in Invocations
 67762 | Shoals:3 | Found a frozen archway.
 69609 | Shoals:4 | Entered Level 4 of the Shoals
 69868 | Shoals:4 | Got a barnacled rune of Zot
 70731 | Shoals:4 | Reached XP level 20. HP: 105/120 MP: 26/26
 72456 | Shoals:4 | Noticed Ilsuiw
 72942 | Shoals:4 | Got a twitching jade ring
 73456 | Shoals:3 | Noticed Vufedwos's ghost (journeyman MiFi)
 73501 | Shoals:3 | Killed Vufedwos's ghost
 73722 | Shoals:3 | Found Apoca's Assorted Antiques.
 73734 | Shoals:3 | Reached skill level 10 in Invocations
 73774 | Shoals:3 | Bought a potion of curing for 90 gold pieces
 74440 | Lair:1   | Identified the ring "Qexzorep" {rC- Str-3 Int+8 Dex+6
                  | Stlth+} (You found it on level 4 of the Shoals)
 74576 | Depths:1 | Entered Level 1 of the Depths
 75449 | Depths:1 | Noticed the Enchantress
 75462 | D:15     | HP: 4/120 [spriggan defender/+4 quick blade[the
                  | Enchantress] (18)]
 76170 | D:15     | Cast into level 2 of the Abyss (the Enchantress)
 77093 | Abyss:4  | Gained mutation: Potions are less effective at restoring
                  | your health. [a neqoxec]
 77195 | Abyss:4  | Noticed a profane servitor
 77225 | Abyss:4  | Killed a profane servitor
 77226 | Abyss:4  | Gained mutation: You are clumsy. (Dex -2) [a neqoxec]
 77258 | Abyss:4  | Found a radiant altar of Vehumet.
 77472 | Abyss:4  | Found a corrupted altar of Lugonu.
 77499 | D:15     | Escaped the Abyss
 77523 | D:15     | Killed the Enchantress
 77803 | Vaults:1 | Entered Level 1 of the Vaults
 78128 | D:12     | Killed Amousmie's ghost
 78298 | Elf:1    | Entered Level 1 of the Elven Halls
 78404 | Elf:1    | Reached XP level 21. HP: 125/125 MP: 29/29
 79341 | Elf:1    | Reached skill level 16 in Stealth
 79803 | Elf:2    | Found a flickering gateway to a bazaar.
 79820 | Bazaar   | Entered a bazaar
 79820 | Bazaar   | Found Puczocs's Antique Weapon Boutique.
 79848 | Bazaar   | Found Zoxkiynikk's General Store.
 79869 | Bazaar   | Found Zotwiergh's Antique Armour Boutique.
 79884 | Bazaar   | Found Qeciwir's Magic Scroll Emporium.
 79892 | Bazaar   | Found Aterox's Jewellery Emporium.
 79967 | Bazaar   | Bought a scroll of teleportation for 45 gold pieces
 79989 | Bazaar   | Bought a scroll of blinking for 97 gold pieces
 79989 | Bazaar   | Bought a scroll of fog for 26 gold pieces
 79989 | Bazaar   | Bought a scroll of magic mapping for 45 gold pieces
 79989 | Bazaar   | Bought 2 scrolls of enchant armour for 195 gold pieces
 79993 | Bazaar   | Bought a scroll of magic mapping for 45 gold pieces
 80016 | Bazaar   | Bought a transparent dagger for 203 gold pieces
 80017 | Bazaar   | Identified the cursed +0 dagger "Cepoopai" {flame, +Blink
                  | rPois Stlth-} (You bought it in a shop in a bazaar)
 80034 | Bazaar   | Bought a scroll of fog for 30 gold pieces
 80034 | Bazaar   | Bought a tin of tremorstones (3/3) for 600 gold pieces
 80102 | Elf:2    | Found a ruined gateway.
 80123 | Elf:2    | Got a dazzling mace
 80125 | Elf:2    | Identified the cursed +1 mace "Jorreimp" {drain, *Rage
                  | +Rage Dex+4} (You found it on level 2 of the Elven Halls)
 80162 | Desolati | Entered the Desolation of Salt
 80721 | Desolati | Got a smoking ring mail
 80722 | Desolati | Identified the cursed +1 ring mail of the Land of Plenty
                  | {rN+ MR+++ Str-3 Slay+3} (You found it in the Desolation of
                  | Salt)
 80782 | Desolati | Reached skill level 17 in Stealth
 81090 | Desolati | Got a steaming pewter ring
 81091 | Desolati | Identified the Catalogue of Hurtful Bewitchment
 81093 | Desolati | Identified the Catalogue of Floating Displacement
 81096 | Desolati | Got a warped scale mail
 81323 | Desolati | Got a crude glass ring
 81387 | Desolati | Got a transparent jade ring
 81645 | Desolati | Reached skill level 18 in Stealth
 81709 | Desolati | Reached skill level 15 in Shields
 82239 | Elf:2    | Reached XP level 22. HP: 130/130 MP: 30/30
 82384 | Elf:2    | Identified the Compendium of Calling
 82817 | Elf:2    | Found a runed translucent gate.
 82817 | Elf:2    | Found a runed translucent gate.
 82819 | Elf:2    | Found a runed translucent gate.
 82838 | Elf:2    | Identified the ring "Koes Ase" {MR+ rCorr Int+3} (You found
                  | it in the Desolation of Salt)
 82840 | Elf:2    | Identified the ring of Caon {*Tele Int+2 SInv} (You found
                  | it in the Desolation of Salt)
 82847 | Elf:2    | Identified the ring "Siups" {rN+ Int+3} (You found it in
                  | the Desolation of Salt)
 83378 | Elf:2    | Reached skill level 19 in Stealth
 84293 | Elf:3    | Entered Level 3 of the Elven Halls
 85289 | Elf:3    | Identified the ring "Ruttairo" {rF+ rN+ MP+9 Int-5 SInv}
 85512 | Elf:3    | Reached skill level 20 in Stealth
 85580 | Elf:3    | Identified the +9 mace of Makhleb's Regard {venom, +Inv
                  | rN++ Str-3}
 85738 | Elf:3    | Identified the +0 scale mail of Ecennul {rN+ Str+5 Stlth+}
                  | (You found it in the Desolation of Salt)
 85774 | Elf:3    | Identified the cursed +0 kite shield of the Hills {Rampage
                  | MR- Slay+2}
 85780 | Elf:3    | Identified the +6 scimitar of Sunlight {elec, rF++ Str-4
                  | Dex+5}
 86153 | Elf:3    | Identified Olanes's Compendium of Igneous Necromancy
 86578 | Vaults:1 | Found an opulent altar of Gozag.
 88088 | Vaults:2 | Reached XP level 23. HP: 74/135 MP: 31/31
 88681 | Vaults:2 | Got a brightly glowing arbalest
 88682 | Vaults:2 | Identified the +9 arbalest "Gobriw" {freeze, +Inv Dex+4}
                  | (You found it on level 2 of the Vaults)
 89436 | Vaults:2 | Reached skill level 21 in Stealth
 91066 | Vaults:3 | Found a staircase to the Crypt.
 91120 | Vaults:3 | Found a runed translucent door.
 92059 | Vaults:3 | Noticed Vileos's ghost (adept DsGl)
 92063 | Vaults:3 | Killed Vileos's ghost
 92206 | Vaults:4 | Found Pugar's Antique Weapon Shop.
 92297 | Vaults:4 | Noticed Saint Roka
 92312 | Vaults:4 | Killed Saint Roka
 92508 | Vaults:4 | Reached skill level 22 in Stealth
 92696 | Vaults:4 | Reached XP level 24. HP: 122/140 MP: 31/31
 94174 | Vaults:5 | Entered Level 5 of the Vaults
 94703 | Vaults:4 | Reached skill level 10 in Armour
 97491 | Vaults:4 | Reached XP level 25. HP: 51/145 MP: 31/31
 98545 | Vaults:5 | Identified the ring "Plog" {Wiz rF- MR+ Int+3 Stlth+}
 98552 | Vaults:5 | Cast into level 3 of the Abyss (tengu reaver)
 98968 | Abyss:3  | Gained mutation: You are weak. (Str -2) [a neqoxec]
 99142 | Abyss:3  | Paralysed by a chaos spawn for 4 turns
 99165 | Vaults:5 | Escaped the Abyss
101826 | Vaults:5 | Got a silver rune of Zot
102424 | Vaults:5 | Identified the ring "Turaunt" {Int+4 SInv Stlth+}
102452 | Vaults:5 | Got a crude quick blade
102867 | Vaults:5 | Found Zyodog's Gadget Boutique.
103078 | Vaults:5 | Found Qahu's Book Shoppe.
103241 | Vaults:5 | Acquired a manual of Stealth
103244 | Vaults:5 | Identified the cursed +2 quick blade "Moth" {vorpal,
                  | *Contam Str+6 Stlth+} (You found it on level 5 of the
                  | Vaults)
103859 | Crypt:1  | Entered Level 1 of the Crypt
105263 | Crypt:1  | Reached XP level 26. HP: 151/151 MP: 31/31
106819 | Crypt:2  | Noticed an ancient lich
106831 | Crypt:2  | Killed an ancient lich
107009 | Crypt:2  | Noticed Boris
107027 | Crypt:2  | Killed Boris
107219 | Crypt:2  | Noticed Margery
107243 | Crypt:2  | Killed Margery
108420 | Crypt:3  | Entered Level 3 of the Crypt
108485 | Crypt:3  | Reached skill level 15 in Dodging
109236 | Crypt:3  | Noticed Mara
109239 | Crypt:3  | Killed Mara
109557 | Crypt:3  | Found a staircase to the Tomb.
111463 | Crypt:3  | Reached XP level 27. HP: 142/151 MP: 31/31
112349 | Crypt:3  | Noticed a greater mummy
112896 | Crypt:3  | Got a faintly glowing emerald amulet
112896 | Crypt:3  | Got a fine pewter ring
112896 | Crypt:3  | Got a serpentine pewter ring
112900 | Crypt:3  | Identified the Incunabulum of Black Arts
113902 | Crypt:3  | Identified the Handbook of Dusty Summoning
113969 | Crypt:3  | Killed a greater mummy
114821 | Crypt:3  | Identified the ring "Qoemumn" {rF+ rC++ rN+} (You found it
                  | on level 3 of the Crypt)
114823 | Crypt:3  | Identified the ring "Yfokix" {rN+ Str+3 Slay+2} (You found
                  | it on level 3 of the Crypt)
114838 | Crypt:3  | Identified the amulet of Veutael {Regen+ Dex+6} (You found
                  | it on level 3 of the Crypt)
115816 | Depths:1 | Found a gateway to Hell.
116823 | Depths:1 | Reached skill level 23 in Stealth
116831 | Depths:1 | Noticed Sojobo
116846 | Depths:1 | Killed Sojobo
117636 | Depths:2 | Found Monoufacet's Jewellery Boutique.
117713 | Depths:2 | Found Fexetig's Changing Room.
117723 | Depths:2 | Bought a potion of mutation for 160 gold pieces
117723 | Depths:2 | Bought a potion of mutation for 160 gold pieces
117793 | Depths:2 | Identified the +3 ring mail of Past Mistakes {rC+}
117893 | Depths:2 | Noticed Bai Suzhen
117947 | Depths:2 | Killed Bai Suzhen
117990 | Depths:2 | Reached skill level 24 in Stealth
118055 | Depths:2 | Found a gateway to a ziggurat.
118130 | Depths:2 | Found Goipt's Armour Shop.
118131 | Depths:2 | Found Udah's Book Boutique.
118132 | Depths:2 | Found Capsit's Weapon Shop.
118590 | Depths:2 | Got a coiled silver ring
118600 | Depths:2 | Got a fading war axe
118602 | Depths:2 | Identified the +10 war axe "Kexaniasm" {vorpal, +Fly rElec
                  | rC- SInv} (You found it on level 2 of the Depths)
118603 | Depths:2 | Identified the ring of Hohal {rF+ Str+6 Int+6 Dex-5} (You
                  | found it on level 2 of the Depths)
119645 | Depths:3 | Reached skill level 25 in Stealth
119957 | Depths:3 | Found a runed translucent door.
120004 | Depths:3 | Found a runed translucent door.
120005 | Depths:3 | Noticed an ancient lich
120577 | Depths:3 | Found a one-way gate leading to the halls of Pandemonium.
120889 | Depths:5 | Entered Level 5 of the Depths
121070 | Depths:5 | Reached skill level 26 in Stealth
121255 | Depths:5 | Noticed Jory
121287 | Depths:5 | Killed Jory
122199 | Depths:4 | Noticed a juggernaut
122251 | Depths:4 | Noticed Frederick
122269 | Depths:4 | Killed Frederick
122644 | Depths:4 | Reached skill level 10 in Necromancy
122676 | Depths:4 | Reached skill level 27 in Stealth
122677 | Depths:4 | Reached skill level 15 in Long Blades
123274 | Depths:3 | Killed an ancient lich
123500 | Depths:4 | Noticed a juggernaut
123567 | Depths:4 | HP: 3/155 [juggernaut (59)]
124049 | Depths:4 | Killed a juggernaut
125626 | Depths:5 | Found a gate to the Realm of Zot.
126271 | D:5      | Bought a scroll of teleportation for 39 gold pieces
126271 | D:5      | Bought a scroll of teleportation for 39 gold pieces
126271 | D:5      | Bought a scroll of teleportation for 39 gold pieces
126271 | D:5      | Bought a scroll of teleportation for 39 gold pieces
126643 | Zot:1    | Entered Level 1 of the Realm of Zot
126976 | D:8      | Bought a scroll of magic mapping for 56 gold pieces
126976 | D:8      | Bought a scroll of enchant weapon for 120 gold pieces
126976 | D:8      | Bought a scroll of blinking for 120 gold pieces
126976 | D:8      | Bought a scroll of enchant armour for 120 gold pieces
126976 | D:8      | Bought 2 scrolls of enchant weapon for 240 gold pieces
126976 | D:8      | Bought a scroll of enchant weapon for 120 gold pieces
126976 | D:8      | Bought a scroll of teleportation for 48 gold pieces
127407 | Zot:1    | Noticed an orb of fire
127425 | Zot:1    | Gained mutation: You occasionally shout uncontrollably at
                  | your foes. [an orb of fire]
127650 | Depths:5 | Gained mutation: You expend magic power (3 MP) to
                  | strengthen your wands. [an orb of fire]
127652 | Depths:5 | Gained mutation: You sometimes yell uncontrollably at your
                  | foes. [an orb of fire]
127658 | Depths:5 | Gained mutation: Scrolls take you a little longer to read.
                  | [an orb of fire]
127668 | Depths:5 | Gained mutation: Your flesh is cold resistant. (rC+) [an
                  | orb of fire]
127673 | Depths:5 | Gained mutation: You do not regenerate when monsters are
                  | visible. [an orb of fire]
127678 | Depths:5 | Gained mutation: You are very weak. (Str -4) [an orb of
                  | fire]
127685 | Depths:5 | Lost mutation: You are very weak. (Str -4) [an orb of fire]
127687 | Depths:5 | Killed an orb of fire
127688 | Depths:5 | Lost mutation: Scrolls take you a little longer to read.
                  | [potion of mutation]
127688 | Depths:5 | Lost mutation: You are clumsy. (Dex -2) [potion of
                  | mutation]
127688 | Depths:5 | Gained mutation: You have large cloven feet. [potion of
                  | mutation]
127688 | Depths:5 | Gained mutation: You possess an exceptional clarity of
                  | mind. [potion of mutation]
127689 | Depths:5 | Lost mutation: You sometimes yell uncontrollably at your
                  | foes. [potion of mutation]
127689 | Depths:5 | Lost mutation: Potions are less effective at restoring your
                  | health. [potion of mutation]
127689 | Depths:5 | Lost mutation: You possess an exceptional clarity of mind.
                  | [potion of mutation]
127689 | Depths:5 | Gained mutation: You have sharp fingernails. [potion of
                  | mutation]
127690 | Depths:5 | Lost mutation: Your flesh is cold resistant. (rC+) [potion
                  | of mutation]
127690 | Depths:5 | Lost mutation: You have large cloven feet. [potion of
                  | mutation]
127690 | Depths:5 | Lost mutation: You occasionally shout uncontrollably at
                  | your foes. [potion of mutation]
127690 | Depths:5 | Lost mutation: You are weak. (Str -2) [potion of mutation]
127690 | Depths:5 | Gained mutation: You possess an exceptional clarity of
                  | mind. [potion of mutation]
127690 | Depths:5 | Lost mutation: You possess an exceptional clarity of mind.
                  | [potion of mutation]
127690 | Depths:5 | Gained mutation: You are robust. (+10% HP) [potion of
                  | mutation]
127690 | Depths:5 | Gained mutation: You are partially covered in icy blue
                  | scales. (AC +2) [potion of mutation]
129846 | Zot:2    | Noticed a Killer Klown
129877 | Zot:2    | Killed a Killer Klown
130017 | Zot:2    | Reached skill level 15 in Fighting
131906 | Zot:4    | Noticed a Killer Klown
131908 | Zot:4    | Killed a Killer Klown
133303 | Zot:5    | Entered Level 5 of the Realm of Zot
134163 | Zot:5    | Noticed an ancient lich
134171 | Zot:5    | Killed an ancient lich
134301 | Zot:5    | Noticed a Killer Klown
134340 | Zot:5    | Noticed an orb of fire
134387 | Zot:5    | Gained mutation: You are clumsy. (Dex -2) [an orb of fire]
134388 | Zot:5    | Gained mutation: You are partially covered in iridescent
                  | scales. (AC +2) [an orb of fire]
134389 | Zot:5    | Killed an orb of fire
134963 | Zot:5    | Killed a Killer Klown
134989 | Zot:5    | Noticed a Killer Klown
135742 | Zot:5    | Killed a Killer Klown
135772 | Zot:5    | Noticed a Killer Klown
135792 | Zot:5    | Killed a Killer Klown
135850 | Zot:5    | Noticed a Killer Klown
135880 | Zot:5    | Noticed a Killer Klown
135885 | Zot:5    | a Killer Klown changed into a shadow dragon
135912 | Zot:5    | Noticed a juggernaut
135912 | Zot:5    | a Killer Klown changed into a juggernaut
135932 | Zot:5    | Killed a juggernaut
136229 | Zot:5    | Noticed an ancient lich
136233 | Zot:5    | Noticed a Killer Klown
136240 | Zot:5    | Killed an ancient lich
136258 | Zot:5    | Killed a Killer Klown
136349 | Zot:5    | Noticed an orb of fire
136358 | Zot:5    | Gained mutation: You tend to lose your temper in combat.
                  | [an orb of fire]
136365 | Zot:5    | Killed an orb of fire
136732 | Zot:5    | Got the Orb of Zot
137022 | Depths:1 | Noticed Hugute the pandemonium lord
137169 | D:14     | Noticed Cuinloah the pandemonium lord
137321 | D:7      | Noticed Fehak the pandemonium lord
137527 | D:$      | Escaped with the Orb!

Illustrated notes

Levels and vault maps discovered:
D:1:      psy_arrival_whirlpool, layout_basic
D:2:      layout_rooms, kennysheep_generic_room_16
D:3:      layout_loops_ring, uniq_ijyb
D:4:      layout_cave_pools, uniq_robin, uniq_blork_the_orc, uniq_sigmund
D:5:      corexii_shantytown, layout_basic, old_standard_altar, serial_shops,
          nicolae_shop_waterfront
D:6:      layout_basic, minmay_temple_entry_mini_moons, uniq_duvessa,
          uniq_eustachio
D:7:      layout_basic, basic_altar
D:8:      layout_gridville, serial_shops, shop, uniq_joseph, uniq_psyche,
          uniq_erica
D:9:      layout_loops_ring, dk_noncrumbling_3, uniq_grum
D:10:     minmay_recursive_quarters, layout_irregular_city, erik_lair_island,
          basic_altar, uniq_sonja
D:11:     layout_stronghold
D:12:     layout_loops_cross, minmay_orc_entry_guard_dogs, basic_altar,
          gammafunk_ghost_abyssal_escape, grunt_ministairs_15
D:13:     erik_rubicon_a, layout_loops_ring, grunt_vaults_entry_tiered,
          uniq_kirke, uniq_urug
D:14:     layout_big_octagon, minivault_4, minivault_25_ag, uniq_louise
D:15:     grunt_enter_depths_snipers, layout_gridville, kennysheep_crisscross
Temple:   nicolae_temple_the_god_donut
Lair:1:   layout_loops_ring, grunt_megastairs_2, lemuel_fruit_tree
Lair:2:   beast_lair_carwin_large_2, layout_small_grid, minmay_shoals_entry_hut,
          guppyfry_snake_entry_garden, minmay_another_anthill,
          infiniplex_staircase_pool_2, serial_bayou_shore_b, uniq_fannar
Lair:3:   layout_long_grid, st_stairs_8, wad_woods_03, serial_bayou_shore_b,
          grunt_megastairs_4
Lair:4:   wad_woods_minihive, layout_regular_city, minmay_holes,
          chequers_serial_rivers_room_a, serial_bayou_shore_b
Lair:5:   layout_roguey, nicolae_slime_entry_slimehenge
Lair:6:   hangedman_lair_tendril_chambers, layout_loops_ring,
          guppyfry_lair_end_dragon, gauntlet_entry_generic, uniq_snorg
Shoals:1: layout_shoals, serial_shops, shop_statue, nicolae_shoals_mertower,
          uniq_jorgrun
Shoals:2: layout_shoals, ebering_ghost_inner_flame
Shoals:3: layout_shoals, portal_ice_cave_entry_ice_statue_two,
          ebering_ghost_gozag
Shoals:4: shoals_end_grunt_ice, layout_shoals, shoals_ilsuiw_alternative
Snake:1:  layout_basic
Snake:2:  layout_rooms, gammafunk_ghost_necromancy, serial_shops,
          nicolae_shop_stone, drop_trap, minmay_shop_mass,
          minmay_shop_grid_forest, uniq_vashnia
Snake:3:  layout_cave_shapes, grunt_megastairs_1, uniq_nikola
Snake:4:  minmay_snake_end_coiled, layout_cave_town, serial_shops,
          nicolae_shop_temple_entry_statues_fountains
Orc:1:    layout_caves, nicolae_orc_crystal_geode
Orc:2:    st_orc_ogre_mass, layout_caves, uniq_josephine, uniq_rupert,
          uniq_donald
Elf:1:    elf_arrival_001, layout_geoelf_octagon, hangedman_elf_represent,
          drop_trap
Elf:2:    layout_onion_city, portal_desolation_entry_twin_temple, serial_shops,
          bzr_entry_islet, minmay_elf_demonology
Elf:3:    elf_hall_gauntlet_narrow, layout_geoelf_octagon, nicolae_elf_v_pinch,
          einodemon_crawler_minivault
Vaults:1: nicolae_vaults_display_case, grunt_vaults_swirl,
          nicolae_vaults_little_squares_2, ontoclasm_vaults_tryst, v_misc_32,
          grunt_vaults_hallway_long, hangedman_vaults_trim,
          ontoclasm_vaults_twist, ontoclasm_vaults_misaligned, v_misc_8,
          layout_vaults_big_room, mu_enter_wizlab_4, basic_altar
Vaults:2: nicolae_vaults_diagonal_hallway_6, vaults_mumra_lcd, v_pattern_4,
          nicolae_vaults_arrows, vaults_room_door_ring, hangedman_vaults_unwind,
          v_misc_4, hangedman_vaults_stitches, grunt_vaults_twisty,
          ontoclasm_vaults_shuriken, grunt_vaults_diagonal, vaults_dpeg_hooks,
          layout_vaults_omnicross
Vaults:3: ebering_vaults_ghost_inner_flame, nicolae_vaults_ninety_degrees,
          minmay_crypt_entry_vampire_xt, v_misc_16, v_misc_22,
          nicolae_vaults_network_barrier, v_misc_22, v_alt_pattern_1,
          nicolae_vaults_little_squares_6, hangedman_vaults_snaps,
          vaults_room_grid, nicolae_vaults_specimen_jars,
          hangedman_vaults_cutoff, v_rooms_2, vaults_dpeg_encased_lava,
          layout_vaults_maze_snakey
Vaults:4: vaults_standard_mumra_x, v_misc_3, vaults_room_pool,
          nicolae_vaults_rhombus_6, hangedman_vaults_locks,
          vaults_standard_mumra_enter_the_diamond, nicolae_vaults_meeting,
          grunt_vaults_trifunnel, v_alt_pattern_3,
          nicolae_vaults_border_crossing, nicolae_vaults_little_squares_4,
          nicolae_vaults_little_squares_1, layout_vaults_ring, serial_shops,
          nicolae_shop_statue_plus, uniq_saint_roka
Vaults:5
Crypt:1:  layout_misc_corridors, serial_co_window_serial, co_window_corner_a,
          co_window_paths_a, co_window_paths_a, co_window_paths_b,
          co_window_paths_b, co_window_2corner, co_window_broadway_b,
          co_window_corner_cb, co_window_corner_cb, co_window_broadway_c,
          co_window_of_opportunity_c, co_window_sun, glass_columns_c,
          glass_columns_b
Crypt:2:  layout_chaotic_city, lemuel_elevator, uniq_boris, uniq_margery
Crypt:3:  due_elkab, layout_chaotic_city, tomb_entry_shell_bobbens, uniq_mara
Depths:1: layout_cave_shapes, grunt_hell_entry_demonic_statue,
          corexii_leaking_fountain, minmay_misc_feat_pillars,
          minmay_misc_feat_diagonals, hangedman_decor_opposing,
          grunt_decor_one_mirror, minmay_mirror_moons_of_madness,
          uniq_enchantress, uniq_sojobo
Depths:2: minmay_haunted_quarter, layout_long_grid, enter_ziggurat_b,
          hangedman_tar_grid_catacomb, serial_glass, glass_columns_a,
          glass_columns_c, due_unseen_surprise, minmay_shop_enchanted_jewellery,
          nicolae_transmutations_shop, minmay_shop_star, uniq_bai_suzhen
Depths:3: cheibrodos_witchhunters_guild, layout_small_grid,
          serial_co_window_serial, co_window_corner_a, co_window_paths_a,
          co_window_paths_b, co_window_paths_a, co_window_of_opportunity_a,
          co_window_broadway_a, co_window_broadway_b, co_window_corner_cb,
          co_window_of_opportunity_c, co_window_corner_b, co_window_broadway_a,
          co_window_4corner_a, glass_columns_b, glass_columns_b, pan_entry,
          hell_entry, minmay_misc_feat_tiny
Depths:4: evilmike_diamond_2, layout_basic, grunt_pan_entry_zigzag,
          serial_corexii_hall, chequers_hall_statues_y, corexii_hall_statues_x,
          hangedman_abyss_entry_splay, grunt_hell_entry_dis_old, uniq_frederick
Depths:5: grunt_x_marks_the_spot, layout_basic, chequers_serial_rivers_small_b,
          pf_coc_iceberg, rand_demon_pan_entry_7, minmay_misc_feat_rugged,
          st_stairs_7, kennysheep_flooded_box, nrook_uturn, uniq_jory
Zot:1:    layout_basic
Zot:2:    layout_cellular_growth
Zot:3:    layout_cellular_growth
Zot:4:    layout_twisted_circle
Zot:5:    layout_basic

Skill      XL: |  1  2  3  4  5  6  7  8  9 10 11 12 13 14 15 16 17 18 19 20 21 22 23 24 25 26 27 |
---------------+----------------------------------------------------------------------------------+-----
Crossbows      | 3 4 5 6 8 10 | 10.0
Fighting       | 2 3 4 5 7 9 10 11 19 | 19.8
Dodging        | 3 4 5 6 8 9 11 12 16 17 | 17.2
Short Blades   | 2 3 4 6 7 9 11 12 | 12.0
Stealth        | 6 9 12 14 15 18 20 22 27 | 27.0
Shields        | 3 5 7 9 10 12 13 15 16 17 18 19 20 21 | 21.0
Long Blades    | 2 5 6 7 9 10 15 | 15.4
Evocations     | 6 8 10 12 13 15 22 | 22.8
Armour         | 3 5 6 8 11 13 | 13.0
Necromancy     | 3 6 7 11 | 11.3
Invocations    | 8 11 | 11.7
Spellcasting   | 3 |  3.0
Hexes          | |  3.0

Action                   |  1- 3 |  4- 6 |  7- 9 | 10-12 | 13-15 | 16-18 | 19-21 | 22-24 | 25-27 || total
-------------------------+-------+-------+-------+-------+-------+-------+-------+-------+-------++-------
Melee: Whip              |   108 |    37 |       |       |       |       |       |       |       ||   145
       Falchion          |       |   126 |   233 |       |       |       |       |       |       ||   359
       Short sword       |       |       |   192 |    59 |       |       |       |       |       ||   251
       Dagger            |       |       |     5 |    15 |    45 |   319 |       |       |       ||   384
       Scimitar          |       |       |       |   470 |   812 |   541 |    77 |   132 |   308 ||  2340
       Long sword        |       |       |       |       |   615 |   590 |       |       |       ||  1205
       Rapier            |       |       |       |       |       |   252 |  1543 |  1449 |  1840 ||  5084
       Demon blade       |       |       |       |       |       |       |    67 |    90 |  3371 ||  3528
 Fire: Hand crossbow     |    29 |    28 |    27 |   124 |    72 |    87 |    69 |    20 |    41 ||   497
Throw: Dart              |       |       |    10 |    24 |    35 |     4 |       |       |     1 ||    74
       Throwing net      |       |       |     1 |       |       |     2 |     1 |       |     6 ||    10
 Cast: Animate Dead      |       |       |       |       |       |       |       |       |     4 ||     4
Invok: Grow Oklob        |       |       |       |       |       |       |     1 |       |     1 ||     2
       Grow Ballistomyce |       |       |       |       |       |       |     1 |       |       ||     1
Evoke: Wand              |       |       |    23 |    13 |    40 |    20 |    20 |     5 |    95 ||   216
       Box of beasts     |       |       |       |       |     7 |    14 |    15 |     4 |    36 ||    76
       Phantom mirror    |       |       |       |       |       |     1 |     3 |       |     3 ||     7
       Lightning rod     |       |       |       |       |       |       |    18 |     3 |    45 ||    66
       Tin of tremorston |       |       |       |       |       |       |       |     6 |    26 ||    32
  Use: Scroll            |     1 |     5 |     6 |     5 |    17 |    22 |    28 |     8 |    42 ||   134
       Potion            |       |     3 |       |     8 |    23 |    13 |    18 |     4 |    29 ||    98
 Stab: Sleeping          |     2 |     4 |     9 |    11 |    47 |    45 |    85 |    90 |   137 ||   430
       Distracted        |       |     1 |     1 |     1 |    17 |    19 |    21 |    14 |    54 ||   128
       Paralysed         |       |       |     8 |       |       |       |       |       |    12 ||    20
       Held in net/web   |       |       |     1 |       |       |       |       |       |     9 ||    10
       Invisible         |       |       |       |       |       |       |     1 |       |     1 ||     2
Armor: Robe              |     3 |       |       |       |       |       |       |       |       ||     3
       Ring mail         |    32 |    60 |   110 |   102 |   253 |   207 |   199 |       |       ||   963
       Skin              |       |       |       |    68 |    88 |     6 |       |       |       ||   162
       Acid dragon scale |       |       |       |    14 |     9 |       |    45 |   141 |   614 ||   823
       Leather armour    |       |       |       |       |    11 |       |       |       |       ||    11
Dodge: Dodged            |    94 |   113 |   350 |   565 |  1154 |   744 |   833 |   711 |  2357 ||  6921
Block: Buckler           |       |       |       |    85 |   480 |   172 |       |       |       ||   737
       Kite shield       |       |       |       |       |       |   497 |   925 |   897 |  3705 ||  6024
       Reflection        |       |       |       |       |       |    95 |    48 |    63 |    88 ||   294
       Rpst.: Falchion   |       |    24 |    69 |       |       |       |       |       |       ||    93
       Scimitar          |       |       |       |   140 |   200 |    35 |    13 |    16 |    30 ||   434
       Long sword        |       |       |       |       |   106 |    83 |       |       |       ||   189
       Demon blade       |       |       |       |       |       |       |    11 |     6 |   263 ||   280

Table legend: (Time is in decaauts)
 A = Elapsed time spent in this place.
 B = Non-inter-level travel time spent in this place.
 C = Inter-level travel time spent in this place.
 D = Time resting spent in this place.
 E = Time spent auto-exploring this place.
 F = Levels seen in this place.
 G = Mean time per level.
                   A        B        C        D        E       F      G
               +--------+--------+--------+--------+--------+-----+--------+
         Total | 134357 | 125957 |   8400 |  51073 |  49683 |  60 | 2239.3 |
       Dungeon |  30098 |  27094 |   3004 |   8322 |  13389 |  15 | 2006.5 |
        Temple |    346 |    328 |     18 |      0 |    262 |   1 |  346.0 |
          Lair |  17905 |  16705 |   1200 |   7530 |   6455 |   6 | 2984.2 |
        Shoals |  10496 |  10219 |    277 |   3961 |   4513 |   4 | 2624.0 |
     Snake Pit |  13209 |  12687 |    522 |   7740 |   3066 |   4 | 3302.2 |
  Orcish Mines |   5400 |   5004 |    396 |   2213 |   1889 |   2 | 2700.0 |
   Elven Halls |   5744 |   5532 |    212 |   2010 |   2267 |   3 | 1914.7 |
        Vaults |  16445 |  15227 |   1218 |   6668 |   6139 |   5 | 3289.0 |
         Crypt |   9896 |   9416 |    480 |   4722 |   2917 |   3 | 3298.7 |
        Depths |  11657 |  10735 |    922 |   2757 |   5033 |   5 | 2331.4 |
           Zot |   8115 |   7967 |    148 |   2680 |   3604 |   5 | 1623.0 |
         Abyss |   1781 |   1781 |      0 |    700 |      7 |   4 |  445.2 |
        Bazaar |    223 |    223 |      0 |      0 |    139 |   1 |  223.0 |
    Desolation |   1654 |   1654 |      0 |    894 |      0 |   1 | 1654.0 |
      Gauntlet |   1382 |   1382 |      0 |    873 |      0 |   1 | 1382.0 |
               +--------+--------+--------+--------+--------+-----+--------+

Top non-repeatable levels by time:
Vaults:4: 7017 daAuts
 Snake:1: 5326 daAuts
 Crypt:3: 4807 daAuts
  Lair:6: 4049 daAuts
    D:15: 3990 daAuts
  Lair:1: 3591 daAuts
 Crypt:2: 3552 daAuts
  Lair:5: 3516 daAuts
Shoals:4: 3467 daAuts
   Orc:2: 3359 daAuts
    D:13: 3295 daAuts
 Snake:3: 3188 daAuts
Shoals:3: 2963 daAuts
Vaults:5: 2944 daAuts
  Lair:2: 2915 daAuts
